Match 43377769
Unlisted

Match 43377769
End
Royal Engineer Section
Construct Section Command Post
Selects Heavy Armor Battlegroup
Dingo Light Scout Car
Infantry Section
Infantry Section
Construct Platoon Command Post
Unlock M3 Stuart Light Tanks
M3 Stuart Light Tank
Selects Light Vehicle Withdraw and Refit
Selects Rigorous Vehicle Training
M3 Stuart Light Tank
Construct Field Infirmary
Selects Radio Net
Selects Forward Repair Assembly
Infantry Training
Vickers Machine Gun Team
Infantry Section
6-pounder Anti-tank Gun Team
Grenade Package
Construct Company Command Post
Crusader II Medium Tank
Vickers Machine Gun Team
Foot Guards Section
Crusader II Medium Tank
Nenn mich Alex
^3
0
0

Comments sign in to comment!

No comments posted yet!